 Dungeon Crawl Stone Soup version 0.32-a0-35-gd9ff480968 (webtiles) character file.

Game seed: 16178869864065906121

7497 anacleto the Mimic (level 10, -13/90 (93) HPs)
             Began as a Troll Shapeshifter on Jan 21, 2024.
             Was a Believer of Qazlal.
             Mangled by a red devil
             ... wielding a +4 demon trident of draining
              (22 damage)
             ... on level 10 of the Dungeon on Jan 22, 2024.
             The game lasted 00:18:13 (7524 turns).

anacleto the Mimic (Troll Shapeshifter)             Turns: 7524, Time: 00:18:14

HP:   -13/90 (93)   AC:  5    Str: 31    XL:     10   Next: 95%
MP:   9/9           EV: 12    Int:  6    God:    Qazlal [**....]
Gold: 389           SH:  3    Dex: 17    Spells: 9/9 levels left

rFire   + .          .
                       - Unarmed
rCold   + + .        (no shield)
rNeg    . . .        n - +1 robe "Odiopuajis" {Rampage +Inv Str+3 Dex+2}
rPois   .            (helmet restricted)
rElec   .            j - scarf {rC+ rF+}
rCorr   .            (gloves unavailable)
SInv    .            (boots unavailable)
Will    .....        (no amulet)
Stlth   +            h - ring of protection from cold
HPRegen 1.15/turn    C - +6 ring of dexterity
MPRegen 0.11/turn

%: rampage
@: lethally poisoned (-13 -> -14), about to teleport, spiked, lightly drained
A: large, unfitting armour, claws 3, regeneration 1, shaggy fur 1, tough skin 1
a: Renounce Religion, Evoke Invisibility, Upheaval


You were on level 10 of the Dungeon.
You worshipped Qazlal.
Qazlal was pleased with you.
You visited 2 branches of the dungeon, and saw 11 of its levels.
You also visited: Sewer.

You collected 482 gold pieces.
You spent 93 gold pieces at shops.

Inventory:

Missiles
 w - 27 poisoned darts
 B - a throwing net
 E - 2 atropa-tipped darts
 G - 4 javelins
 L - 4 curare-tipped darts
 M - 4 boomerangs
Armour
 j - a scarf of resistance (worn)
 n - the +1 robe "Odiopuajis" (worn) {Rampage +Inv Str+3 Dex+2}
   (You found it on level 2 of the Dungeon)

   Str+3:     It affects your strength (+3).
   Dex+2:     It affects your dexterity (+2).
   +Inv:      It lets you turn invisible.
   Rampage:   It bestows one free step when moving towards enemies.
 K - +0 steam dragon scales
Jewellery
 e - a +4 ring of protection
 h - a ring of protection from cold (left claw)
 C - a +6 ring of dexterity (right claw)
Talismans
 c - a beast talisman
 d - a flux talisman
 y - a maw talisman
Wands
 a - a wand of flame (38)
 i - a wand of charming (11)
 q - a wand of quicksilver (15)
 J - a wand of roots (4)
Scrolls
 f - 3 scrolls of vulnerability
 k - 2 scrolls of enchant weapon
 l - 4 scrolls of teleportation
 o - 2 scrolls of enchant armour {unknown}
 s - 2 scrolls of torment {unknown}
 v - 2 scrolls of fear
 A - 4 scrolls of immolation {unknown}
 F - 4 scrolls of fog {unknown}
 H - a scroll of amnesia
 I - 3 scrolls of poison {unknown}
Potions
 b - 2 potions of lignification
 g - 3 potions of curing
 m - a potion of invisibility
 p - 3 potions of heal wounds
 r - 3 potions of ambrosia
 t - a potion of haste
 x - 4 potions of enlightenment
 z - 2 potions of magic
 D - a potion of cancellation


   Skills:
 - Level 4.2 Fighting
 - Level 3.3 Throwing
 - Level 4.4 Dodging
 - Level 5.8 Unarmed Combat
 * Level 13.0 Shapeshifting


You had 9 spell levels left.
You didn't know any spells.
Your spell library contained the following spells:

 Spells                   Type           Power      Damage    Failure   Level
 Ensorcelled Hibernation  Hex/Ice        0%         N/A       58%         2
 Momentum Strike          Conj/Tloc      0%         3d8       58%         2
 Passwall                 Erth           0%         N/A       83%         3
 Swiftness                Air            0%         N/A       83%         3
 Olgreb's Toxic Radiance  Alch           0%         N/A       99%         4
 Ozocubu's Refrigeration  Ice            0%         4d7       100%        7
 Discord                  Hex            0%         N/A       100%        8
 Lehudib's Crystal Spear  Conj/Erth      0%         10d2      100%        8
 Fire Storm               Conj/Fire      0%         5d1       100%        9


Dungeon Overview and Level Annotations

Branches:
Dungeon (10/15)            Temple (1/1) D:7           Sewer (visited)
   Lair: D:8-11         Orc: D:9-12

Altars:
Ashenzari
Cheibriados
Dithmenos
Elyvilon
Fedhas
Gozag
Hepliaklqana
Kikubaaqudgha
Makhleb
Nemelex Xobeh
Okawaru
Qazlal
Ru
Sif Muna
Trog
Uskayaw
Vehumet
Wu Jian
Xom
Yredelemnul
Zin
The Shining One

Shops:
D:5 (   D:7 [

Annotations:
D:7 1 runed translucent door, Crazy Yiuf


Innate Abilities, Weirdness & Mutations

You are too large for most types of armour.
You have claws for hands.
Your natural rate of healing is unusually fast.
You are covered in fur. (AC +1)
You have tough skin. (AC +1)


Message History

You feel extremely sick. The orange demon stings you from afar.
The orange demon stings you from afar!
You are more poisoned.
The orange demon poisons you!
Throw: 2 large rocks
Press: ? - help, Q - select action, (/) - cycle Shift-Dir - straight line, f/p - orange demon
Aim: an orange demon (heavily wounded, 71% to hit)
You throw a large rock. The large rock hits the orange demon!!!
You kill the orange demon!
Qazlal accepts your kill.
You feel extremely sick.
Your Shapeshifting skill increases to level 13!
You feel very sick.
Throw: large rock
Press: ? - help, Q - select action, (/) - cycle Shift-Dir - straight line, f - orange demon
Aim: an orange demon (lightly wounded, 71% to hit)
You throw a large rock.
The large rock barely misses the orange demon.
The large rock misses the red devil.
You feel very sick. The orange demon barely misses you.
Unknown command.
Unknown command.
As you read the scroll of teleportation, it crumbles to dust.
You feel strangely unstable.
You feel very sick.
The red devil hits you from afar with a +4 demon trident of draining!
* * * LOW HITPOINT WARNING * * *
Barbed spikes become lodged in your body.
You feel drained.
* * * LOW HITPOINT WARNING * * *
The orange demon stings you from afar!
* * * LOW HITPOINT WARNING * * *
Okay, then.
You feel much better.
You feel sick.
The red devil hits you from afar with a +0 trident!!
* * * LOW HITPOINT WARNING * * *
Barbed spikes become lodged in your body.
The red devil hits you from afar with a +4 demon trident of draining!!
You die...

#.##(.##.#
..#(.#..#
..(....# .(...
## #..# ...
#..##.(## ....
#..#444(# ....
#..#(.§)#.....
#..##@.##.....
#...#○.#......
#.............
#.............
#..)#..#......
#..##..##....#
#..#....#^...#
#..#....#....+
#..##..##....#


You could see an orange demon and 2 red devils.

Vanquished Creatures
  Pikel (D:8)
  Maggie (D:9)
  4 orange demons (D:10)
  An unseen horror (D:8)
  A troll (D:5)
  A red devil (D:10)
  Psyche (D:8)
  Sigmund (D:3)
  2 steam dragons (D:8)
  Eustachio (D:4)
  A water moccasin (D:7)
  3 orc warriors
  2 ice beasts
  3 ogres
  2 centaurs (D:9)
  3 phantoms
  6 kobold brigands
  Blork the orc (D:5)
  3 scorpions
  3 bullfrogs
  A gnoll sergeant (D:8)
  4 wights (D:9)
  10 killer bees
  2 howler monkeys
  A hound (D:4)
  A jelly (D:5)
  6 orc priests
  A gnoll bouda (D:5)
  Jessica (D:2)
  A sleepcap (D:7)
  Natasha (thrice) (D:2)
  3 iguanas
  11 orc wizards
  Robin (D:2)
  15 gnolls
  2 river rats (Sewer)
  12 adders
  A white imp (D:7)
  2 ufetubi (D:6)
  3 dart slugs
  33 orcs
  11 endoplasms
  5 giant cockroaches
  12 goblins
  7 hobgoblins
  2 jackals (Sewer)
  26 kobolds
  2 quokkas
  7 ball pythons
  11 bats
  8 frilled lizards
  9 rats
255 creatures vanquished.

Notes
Turn   | Place    | Note
-------+----------+-------------------------------------------
     0 | D:1      | anacleto the Troll Shapeshifter began the quest for the
                  | Orb.
     0 | D:1      | Reached XP level 1. HP: 18/18 MP: 0/0
   153 | D:1      | Reached skill level 1 in Fighting
   238 | D:1      | Reached XP level 2. HP: 26/27 MP: 1/1
   906 | D:2      | Reached XP level 3. HP: 33/33 MP: 2/2
   931 | D:2      | Noticed Jessica
   933 | D:2      | Noticed Natasha
   935 | D:2      | Killed Jessica
   939 | D:2      | Killed Natasha
   940 | D:2      | Reached XP level 4. HP: 22/41 MP: 3/3
  1091 | D:2      | Noticed Natasha
  1098 | D:2      | Killed Natasha
  1099 | D:2      | Reached skill level 4 in Shapeshifting
  1263 | D:2      | Noticed Natasha
  1272 | D:2      | Killed Natasha
  1273 | D:2      | Reached XP level 5. HP: 40/49 MP: 4/4
  1495 | D:2      | Identified the +1 robe "Odiopuajis" {Rampage +Inv Str+3
                  | Dex+2}
  1569 | D:3      | Noticed Robin
  1574 | D:2      | Killed Robin
  1989 | D:3      | Noticed Sigmund
  1994 | D:3      | Killed Sigmund
  1995 | D:3      | Reached XP level 6. HP: 59/59 MP: 5/5
  2062 | D:3      | Reached skill level 5 in Shapeshifting
  2164 | D:3      | Reached XP level 7. HP: 58/66 MP: 6/6
  2774 | D:4      | Noticed Eustachio
  2784 | D:4      | Killed Eustachio
  2785 | D:4      | Reached skill level 1 in Throwing
  2807 | D:4      | Found a shimmering blue altar of Sif Muna.
  3124 | D:5      | Entered Level 5 of the Dungeon
  3132 | D:5      | Found a glowing drain.
  3166 | Sewer    | Entered a sewer
  3260 | Sewer    | Reached skill level 6 in Shapeshifting
  3260 | Sewer    | Reached XP level 8. HP: 75/75 MP: 7/7
  3306 | Sewer    | Found a white marble altar of Elyvilon.
  3461 | D:5      | Reached skill level 5 in Unarmed Combat
  3627 | D:5      | Identified the +0 leather armour of Nixoip {rElec rF-
                  | Str+3}
  3758 | D:5      | Noticed a troll
  3768 | D:5      | Killed a troll
  3834 | D:5      | Reached skill level 7 in Shapeshifting
  4041 | D:5      | Noticed Blork the orc
  4047 | D:5      | Killed Blork the orc
  4172 | D:5      | Found Ruewk's Weapon Emporium.
  4176 | D:5      | Bought 4 large rocks for 72 gold pieces
  4176 | D:5      | Bought 2 atropa-tipped darts for 21 gold pieces
  4201 | D:6      | Reached XP level 9. HP: 75/84 MP: 8/8
  4610 | D:6      | Identified the +0 robe of Shielding {SInv}
  4868 | D:7      | Found Yxzituh's Antique Armour Shoppe.
  4926 | D:7      | Reached skill level 8 in Shapeshifting
  5019 | D:7      | Found a hazy altar of Hepliaklqana.
  5072 | D:7      | Found a staircase to the Ecumenical Temple.
  5179 | Temple   | Entered the Ecumenical Temple
  5204 | Temple   | Became a worshipper of Qazlal Stormbringer
  5352 | D:7      | Found a runed translucent door.
  5353 | D:7      | Noticed Crazy Yiuf
  5627 | D:8      | Noticed Psyche
  5640 | D:8      | Killed Psyche
  5705 | D:8      | Reached skill level 9 in Shapeshifting
  5829 | D:8      | Noticed Pikel
  5845 | D:8      | Killed Pikel
  5846 | D:8      | Reached skill level 10 in Shapeshifting
  5952 | D:8      | Reached * piety under Qazlal
  5978 | D:8      | Got Umuam's Excursus on Bolts
  6040 | D:8      | Killed an unseen horror
  6041 | D:8      | Reached XP level 10. HP: 30/93 MP: 9/9
  6340 | D:9      | Noticed Maggie
  6347 | D:9      | Killed Maggie
  6348 | D:9      | Reached skill level 11 in Shapeshifting
  6642 | D:9      | Reached ** piety under Qazlal
  7014 | D:9      | Reached skill level 12 in Shapeshifting
  7420 | D:10     | Entered Level 10 of the Dungeon
  7420 | D:10     | Found a white marble altar of Elyvilon.
  7449 | D:10     | Noticed an orange demon
  7458 | D:10     | Noticed an orange demon
  7460 | D:10     | Killed an orange demon
  7466 | D:10     | Killed an orange demon
  7512 | D:10     | Noticed an orange demon
  7512 | D:10     | Noticed an orange demon
  7512 | D:10     | Noticed an orange demon
  7515 | D:10     | Killed an orange demon
  7520 | D:10     | Killed an orange demon
  7521 | D:10     | Reached skill level 13 in Shapeshifting
  7523 | D:10     | HP: 3/90 [orange demon (10)]
  7524 | D:10     | Mangled by a red devil

Illustrated notes

Levels and vault maps discovered:
D:1:      roadster_arrival_rocket_small, layout_loops_ring, nicolae_hexahallways
D:2:      layout_basic, uniq_jessica, uniq_natasha
D:3:      minmay_inner_zag, layout_loops_ring, minmay_pentangle, uniq_sigmund,
          uniq_robin
D:4:      layout_basic, lemuel_blue_sif_altar, minmay_misc_feat_doors,
          uniq_eustachio
D:5:      layout_loops_ring, serial_shops, nicolae_shop_back_alley_shop,
          gup_sewer_entry_glass, uniq_blork_the_orc
D:6:      layout_basic, skrybe_limestone_x
D:7:      nicolae_cairo_tiling_very_big, layout_basic, general_overflow_altar,
          minmay_temple_entry_enclosed_plants, serial_shops, shop, minivault_22,
          uniq_crazy_yiuf_cottage
D:8:      layout_basic, uniq_psyche, uniq_pikel
D:9:      layout_basic, uniq_maggie
D:10:     layout_basic, mainiacjoe_overflow_catwalk, minmay_misc_feat_tower,
          minmay_beelzebubs_servants
Temple:   compressed_dpeg_triangle_lava_temple

Skill      XL: |  1  2  3  4  5  6  7  8  9 10 |
---------------+-------------------------------+-----
Fighting       | 1 2 3 4 |  4.2
Dodging        | 2 3 4 |  4.4
Shapeshifting  | 4 5 6 7 10 13 | 13.0
Unarmed Combat | 4 5 |  5.8
Throwing       | 1 3 |  3.3

Action                     |  1- 3 |  4- 6 |  7- 9 | 10-12 || total
---------------------------+-------+-------+-------+-------++-------
  Melee: Unarmed           |    64 |   145 |   335 |   176 ||   720
         Punch             |     3 |       |    10 |     8 ||    21
  Throw: Large rock        |       |       |     8 |    18 ||    26
Ability: Begin Untransform |       |     2 |       |       ||     2
    Use: Scroll            |       |       |    12 |     2 ||    14
         Potion            |       |       |     2 |     4 ||     6
   Stab: Sleeping          |     1 |     2 |     1 |       ||     4
 Armour: Animal skin       |    47 |    48 |       |       ||    95
         Robe              |       |    71 |   261 |   138 ||   470
         Skin              |       |       |       |    13 ||    13
  Dodge: Dodged            |    27 |    78 |   146 |   114 ||   365
  Block: Other             |       |       |     1 |    17 ||    18
   Form: Beast             |       |     2 |       |       ||     2
                           |       |       |     1 |       ||     1

Table legend: (Time is in decaauts)
 A = Elapsed time spent in this place.
 B = Non-inter-level travel time spent in this place.
 C = Inter-level travel time spent in this place.
 D = Time resting spent in this place.
 E = Time spent auto-exploring this place.
 F = Levels seen in this place.
 G = Mean time per level.
                   A        B        C        D        E       F      G
               +--------+--------+--------+--------+--------+-----+--------+
         Total |   7477 |   7234 |    243 |    306 |   4889 |  12 |  623.1 |
       Dungeon |   7184 |   6961 |    223 |    306 |   4784 |  10 |  718.4 |
        Temple |     44 |     25 |     19 |      0 |      0 |   1 |   44.0 |
         Sewer |    248 |    248 |      0 |      0 |    105 |   1 |  248.0 |
               +--------+--------+--------+--------+--------+-----+--------+

Top non-repeatable levels by time:
     D:9: 1023 daAuts
     D:1: 897 daAuts
     D:3: 819 daAuts
     D:7: 815 daAuts
     D:5: 808 daAuts
     D:8: 753 daAuts
     D:2: 698 daAuts
     D:4: 692 daAuts
     D:6: 560 daAuts
   Sewer: 248 daAuts
    D:10: 114 daAuts
  Temple: 44 daAuts
